 Dungeon Crawl Stone Soup version 0.30-a0-918-g0ff054e9dc (webtiles) character file.

Game seed: 13092501363606407095

136 Iniera the Poker (level 4, -8/31 (35) HPs)
             Began as a Demonspawn Fighter on Mar 20, 2023.
             Mangled by an ogre
             ... wielding a +0 giant club
              (19 damage)
             ... on level 4 of the Dungeon on Mar 21, 2023.
             The game lasted 00:03:38 (2752 turns).

Iniera the Poker (Demonspawn Fighter)               Turns: 2752, Time: 00:03:39

HP:   -8/31 (35)    AC:  8    Str: 18    XL:     4   Next: 98%
MP:   4/4           EV:  6    Int:  9    God:
Gold: 117           SH:  4    Dex: 13    Spells: 3/3 levels left

rFire   . . .      SeeInvis +    a - +0 trident
rCold   . . .      Faith    .    c - +0 buckler
rNeg    . . .      Spirit   .    m - +0 chain mail
rPois   .          Reflect  .    (no helmet)
rElec   .          Rampage  .    i - scarf {+Inv}
rCorr   +                        (no gloves)
Will    .....                    (no boots) Stlth
                                 (no amulet)
HPRegen 0.25/turn                f - ring of see invisible
MPRegen 0.09/turn                r - ring of resist corrosion

@: heavily drained
A: demonic magic 1, demonic touch 1
a: Evoke Invisibility


You were on level 4 of the Dungeon.
You visited 1 branch of the dungeon, and saw 4 of its levels.

You collected 117 gold pieces.

Inventory:

Hand Weapons
 a - a +0 trident (weapon)
Armour
 c - a +0 buckler (worn)
 i - a scarf of invisibility (worn)
 m - a +0 chain mail (worn)
Jewellery
 f - a ring of see invisible (left hand)
 r - a ring of resist corrosion (right hand)
Wands
 n - a wand of flame (19)
Scrolls
 e - a scroll of enchant weapon {unknown}
 g - a scroll of magic mapping
 k - a scroll of enchant armour {unknown}
 l - 3 scrolls of identify
 o - 2 scrolls of teleportation {unknown}
 p - a scroll of vulnerability {unknown}
 t - a scroll of silence {unknown}
Potions
 b - a potion of lignification {unknown}
 d - a potion of might
 h - 3 potions of heal wounds {unknown}
 j - a potion of degeneration {unknown}
 q - 2 potions of haste {unknown}
 s - a potion of curing {unknown}
 u - a potion of magic {unknown}


   Skills:
 - Level 3.0 Fighting
 * Level 4.7 Polearms
 - Level 2.6 Armour
 - Level 2.6 Shields


You had 3 spell levels left.
You didn't know any spells.
Your spell library contained the following spells:

 Spells                   Type           Power      Damage    Failure   Level
 Ignite Poison            Fire/Tmut/Pois 0%         N/A       100%        3
 Kindle Blastsparks       Fire/Tloc/Air  0%         2d10      100%        3
 Freezing Cloud           Conj/Ice/Air   0%         6-21      100%        5


Dungeon Overview and Level Annotations

Branches:
Dungeon (4/15)
 Temple: D:4-7

Altars:
Ru


Innate Abilities, Weirdness & Mutations

Spells you cast may paralyse adjacent enemies.
Your touch may inflict minor irresistible damage on your foes.


Message History

l - 3 scrolls of identify (gained 1)
o - 2 scrolls labelled TUMUOH WIAM (gained 1)
You open the door.
There is an open door here.
Done exploring.
Done exploring.
Done exploring.
No target in view!
Done exploring.
Done exploring.
(D) Dungeon
Where to? (Enter - D:3, ? - help)
There is a stone staircase leading down here.
You climb downwards.
The ogre shouts!
Found an encrusted opal ring and a spear.
Found a stone staircase leading up.
There is a stone staircase leading up here.
An ogre is nearby!
An ogre is nearby!
An ogre is nearby!
You hit the ogre.
The ogre is lightly wounded.
The ogre hits you with a +0 giant club!!
Ouch! That really hurt!
You are too injured to fight recklessly!
You are too injured to fight recklessly!
You are too injured to fight recklessly!
You are too injured to fight recklessly!
You are too injured to fight recklessly!
You puncture the ogre!
The ogre is heavily wounded.
You barely miss the ogre.
The ogre is heavily wounded.
You block the ogre's attack.
You puncture the ogre!
The ogre is severely wounded.
The ogre hits you with a +0 giant club!!
Ouch! That really hurt!
You die...

##...# .).
#....#####...
#............
##............
#.............
##.............
#......<.......
##..............
#<.....@.....###
.....#.O.#####
#=.......+
.##......#
###..... ##.....
###... ##..


You could see an ogre.

Vanquished Creatures
  An orc wizard (D:3)
  3 adders
  A worm (D:3)
  2 dart slugs (D:1)
  3 orcs (D:3)
  8 ball pythons
  4 bats
  12 endoplasms
  6 giant cockroaches
  5 goblins
  4 hobgoblins
  2 jackals (D:1)
  4 quokkas
  A frilled lizard (D:1)
  7 kobolds
  6 rats
69 creatures vanquished.

Notes
Turn   | Place    | Note
-------+----------+-------------------------------------------
     0 | D:1      | Iniera the Demonspawn Fighter began the quest for the Orb.
     0 | D:1      | Reached XP level 1. HP: 18/18 MP: 1/1
    33 | D:1      | Reached skill level 2 in Polearms
   125 | D:1      | Gained mutation: Spells you cast may paralyse adjacent
                  | enemies. [demonic ancestry]
   125 | D:1      | Reached XP level 2. HP: 9/24 MP: 2/2
   372 | D:1      | Reached skill level 3 in Polearms
   569 | D:1      | Gained mutation: Your touch may inflict minor irresistible
                  | damage on your foes. [demonic ancestry]
   569 | D:1      | Reached XP level 3. HP: 22/29 MP: 3/3
   733 | D:1      | Found a faded altar of an unknown god.
  1422 | D:2      | Reached XP level 4. HP: 35/35 MP: 4/4
  1589 | D:2      | Reached skill level 4 in Polearms
  2227 | D:3      | Found a sacrificial altar of Ru.
  2265 | D:3      | Noticed an angel
  2746 | D:4      | Noticed an ogre
  2752 | D:4      | Mangled by an ogre

Illustrated notes

Levels and vault maps discovered:
D:1:      minmay_arrival_split_and_join, layout_loops_cross,
          shapermc_ecumenical_altar_petra, chequers_serial_rivers_large_a,
          st_stairs_8, minmay_domino_4
D:2:      layout_basic, minmay_shallow_snake_nest
D:3:      layout_basic, zin_angel, nicolae_ru_the_path_less_chosen
D:4:      layout_cave_pods, mainiacjoe_overflow_paths, kennysheep_mini,
          mainiacjoe_overflow_surrounded_room, serial_column_ruins,
          column_ruins_hut, column_ruins_hut, column_ruins_open_tiny,
          column_ruins_columns_straight, column_ruins_columns_straight,
          column_ruins_corridor_corner, column_ruins_columns_corner,
          column_ruins_open_medium, column_ruins_open_small,
          kennysheep_flooded_box

Skill      XL: |  1  2  3  4 |
---------------+-------------+-----
Polearms       | 2 3 4 |  4.7
Fighting       | |  3.0
Armour         | |  2.6
Shields        | |  2.6

Action                     |  1- 3 |  4- 6 || total
---------------------------+-------+-------++-------
  Melee: Trident           |   129 |   106 ||   235
    Use: Scroll            |     4 |       ||     4
 Armour: Scale mail        |    30 |       ||    30
         Chain mail        |       |    45 ||    45
  Dodge: Dodged            |    38 |    21 ||    59
  Block: Buckler           |    19 |    14 ||    33

Table legend: (Time is in decaauts)
 A = Elapsed time spent in this place.
 B = Non-inter-level travel time spent in this place.
 C = Inter-level travel time spent in this place.
 D = Time resting spent in this place.
 E = Time spent auto-exploring this place.
 F = Levels seen in this place.
 G = Mean time per level.
                   A        B        C        D        E       F      G
               +--------+--------+--------+--------+--------+-----+--------+
         Total |   2797 |   2711 |     86 |      7 |   2216 |   4 |  699.2 |
       Dungeon |   2797 |   2711 |     86 |      7 |   2216 |   4 |  699.2 |
               +--------+--------+--------+--------+--------+-----+--------+

Top non-repeatable levels by time:
     D:1: 1132 daAuts
     D:3: 898 daAuts
     D:2: 760 daAuts
     D:4: 6 daAuts
